 Dungeon Crawl Stone Soup version 0.20-a0-453-g91466d2 (webtiles) character file.

4 Camlann the Insei (level 1, 10/13 HPs)
             Began as an Octopode Transmuter on Jan 8, 2017.
             Quit the game on level 1 of the Dungeon.
             The game lasted 00:00:14 (47 turns).

Camlann the Insei (Octopode Transmuter)               Turns: 47, Time: 00:00:14

Health: 10/13      AC:  1    Str:  9    XL:     1   Next: 60%
Magic:  3/3        EV: 13    Int: 15    God:
Gold:   12         SH:  0    Dex: 12    Spells: 3/4 levels left

rFire  . . .     SeeInvis .       - Unarmed
rCold  . . .     Gourm    .     (no shield)
rNeg   . . .     Faith    .     (helmet restricted)
rPois  .         Spirit   .     (no amulet)
rElec  .         Reflect  .     (no ring)
rCorr  .         Harm     .     (no ring)
MR     .....                    (no ring)
Stlth  ++........               (no ring)
                                (no ring)
                                (no ring)
                                (no ring)
                                (no ring)

@: no status effects
A: almost no armour, stealthy swim, amphibious, 8 rings, constrict 8, camouflage
1, deterioration 1, screaming 1, slow regeneration 1, gelatinous body 1
a: no special abilities


You were on level 1 of the Dungeon.
You were not hungry.

You visited 1 branch of the dungeon, and saw 1 of its levels.

You collected 12 gold pieces.

Inventory:

Missiles
 a - 12 arrows
Scrolls
 d - a scroll of teleportation {unknown}
Books
 b - a book of Changes

   Spells                             Type                      Level
   a - Beastly Appendage              Transmutation                1
   b - Sticks to Snakes               Transmutation                2
   c - Spider Form                    Transmutation/Poison         3
   d - Ice Form                       Ice/Transmutation            4
   e - Blade Hands                    Transmutation                5
Comestibles
 c - a bread ration


   Skills:
 - Level 1.0 Fighting
 - Level 2.0 Dodging
 - Level 3.0 Unarmed Combat
 - Level 2.0 Spellcasting
 + Level 2.4 Transmutations


You had 3 spell levels left.
You knew the following spells:

 Your Spells              Type           Power        Failure   Level  Hunger
a - Beastly Appendage     Tmut           #.....       12%         1    #......


Dungeon Overview and Level Annotations

Branches:
Dungeon (1/15)

Altars:


Innate Abilities, Weirdness & Mutations

You cannot wear most types of armour.
You are very stealthy in the water. (Stealth+)
You are amphibious.
You can wear up to eight rings at the same time.
You can use your tentacles to constrict eight enemies at once.
Your skin changes colour to match your surroundings (Stealth+).
Your rubbery body absorbs attacks. (AC +1, EV +1)
Your body sometimes deteriorates upon taking damage.
You occasionally shout uncontrollably at your foes.
You regenerate slowly when monsters are visible.


Message History

The dart slug is severely wounded.
You constrict the dart slug. The dart slug misses you.
You tentacle-slap the dart slug but do no damage.
The dart slug is severely wounded.
You constrict the dart slug.
You tentacle-slap the dart slug but do no damage.
You squeeze the dart slug.
You kill the dart slug!
No target in view!
No target in view!
No target in view!
No target in view!
No target in view!
No target in view!
No target in view!
e - a dark potion It was a potion of mutation.
You feel extremely strange.
You feel yourself wasting away.
You feel the urge to shout.
Your regeneration weakens near monsters.
Are you sure you want to abandon this character and quit the game? (Confirm with "yes".)

#b# #.# #.#### ## #.#..
.. ########?#.# #.# .#
...##...#.## #.# #..
##.#..#....####.###...
#†....[.............#
#....@...###........#
#.......## ##.......#
#........# #.......#
...........# ##.......#
####........###........#
#...................#
#..###.........###..#
..# #.......## ##.#
#...<...# #.#


There were no monsters in sight!

Vanquished Creatures
  A dart slug (D:1)
  A hobgoblin (D:1)
2 creatures vanquished.

Notes
Turn   | Place    | Note
-------+----------+-------------------------------------------
     0 | D:1      | Camlann the Octopode Transmuter began the quest for the Orb.
     0 | D:1      | Reached XP level 1. HP: 13/13 MP: 3/3
    46 | D:1      | Gained mutation: Your body sometimes deteriorates upon taking damage. [potion of mutation]
    46 | D:1      | Gained mutation: You occasionally shout uncontrollably at your foes. [potion of mutation]
    46 | D:1      | Gained mutation: You regenerate slowly when monsters are visible. [potion of mutation]
    47 | D:1      | Quit the game

Vault maps used:
D:1:      minmay_arrival_four_circles

Action                   || total
-------------------------++-------
Melee: Unarmed           ||     6
       Tentacles         ||     2
       Constrict         ||     1
  Use: Potion            ||     1
 Stab: Sleeping          ||     1
Dodge: Dodged            ||     3
